 Dungeon Crawl Stone Soup version 0.23-a0-393-g6e9e0f2 (webtiles) character file.

256 galech the Covered (level 5, -1/41 HPs)
             Began as a Demonspawn Fighter on Oct 31, 2018.
             Slain by Pikel
             ... wielding a +2 whip of flaming
              (7 damage)
             ... on level 4 of the Dungeon.
             The game lasted 00:02:36 (2145 turns).

galech the Covered (Demonspawn Fighter)             Turns: 2145, Time: 00:02:36

Health: -1/41      AC:  7    Str: 21    XL:     5   Next: 92%
Magic:  5/5        EV:  7    Int: 10    God:
Gold:   70         SH:  9    Dex: 13    Spells: 4/4 levels left

rFire    . . .     SeeInvis .   a - +0 war axe
rCold    . . .     Gourm    .   c - +0 shield
rNeg     . . .     Faith    .   b - +0 scale mail
rPois    .         Spirit   .   (helmet restricted)
rElec    .         Reflect  .   (no cloak)
rCorr    .         Harm     .   (no gloves)
MR       .....                  (no boots)
Stlth    ..........             (no amulet)
HPRegen  0.13/turn              (no ring)
MPRegen  0.09/turn              (no ring)

@: mighty
A: antennae 1, powered by death 2
a: no special abilities


You were on level 4 of the Dungeon.
You were very hungry.

You visited 1 branch of the dungeon, and saw 3 of its levels.
You also visited: Ossuary.

You collected 70 gold pieces.

Inventory:

Hand Weapons
 a - a +0 war axe (weapon)
Armour
 b - a +0 scale mail (worn)
 c - a +0 shield (worn)
Wands
 g - a wand of digging (4)
Scrolls
 h - 4 scrolls of random uselessness {unknown}
 k - a scroll of blinking
 m - a scroll of amnesia
 o - 2 scrolls of identify
 q - a scroll of immolation {unknown}
 r - a scroll of remove curse {unknown}
Potions
 e - 5 potions of curing {unknown}
 i - a potion of berserk rage {unknown}
 j - 4 potions of lignification {unknown}
 l - 8 potions of degeneration {unknown}
 n - 4 potions of flight {unknown}
 p - a potion of ambrosia {unknown}
Comestibles
 f - 4 rations


   Skills:
 + Level 3.6 Fighting
 + Level 3.6 Axes
 + Level 3.8 Armour
 + Level 0.4 Dodging
 + Level 3.7 Shields


You had 4 spell levels left.
You didn't know any spells.
Your spell library was empty.

Dungeon Overview and Level Annotations

Branches:
Dungeon (2/15)

Altars:
Kikubaaqudgha
Sif Muna

Annotations:
D:2 1 runed door
D:4 Pikel


Innate Abilities, Weirdness & Mutations

You have a pair of small antennae on your head.
You regenerate health from kills.


Message History

Pikel is severely wounded.
Pikel hits you with a +2 whip of flaming.
Pikel burns you.
You barely miss Pikel.
Pikel is severely wounded.
Pikel hits you but does no damage.
Pikel hits you with a +2 whip of flaming.
Pikel burns you.
* * * LOW HITPOINT WARNING * * *
You barely miss Pikel.
Pikel is severely wounded.
Pikel hits you with a +2 whip of flaming.
* * * LOW HITPOINT WARNING * * *
Pikel burns you.
* * * LOW HITPOINT WARNING * * *
You hit Pikel but do no damage.
Pikel is severely wounded.
Pikel says, "I'm sure they'll be treated well, anyway."
Pikel hits you with a +2 whip of flaming!
You die...

## ######
..p#....#
#####p###..#
...osoK@...#
?..spO###..#
....a{ ....#
.... ######
... .. .


You could see Pikel, an ogre, 2 slaves, a scorpion, a worker ant, 2 orcs and a
giant cockroach.

Vanquished Creatures
  A centaur zombie (Ossuary)
  Jessica (D:2)
  Terence (D:2)
  A worker ant (D:4)
  2 big kobold zombies (Ossuary)
  3 mummies (Ossuary)
  4 adders
  A dart slug (D:1)
  2 leopard geckos
  An orc (D:1)
  3 giant cockroaches
  3 goblins
  4 hobgoblins
  2 kobolds
  5 bats
  3 frilled lizards
  A goblin zombie (Ossuary)
  3 hobgoblin zombies (Ossuary)
  A kobold zombie (Ossuary)
  2 quokka zombies (D:4)
  A rat (D:1)
45 creatures vanquished.

Notes
Turn   | Place    | Note
-------+----------+-------------------------------------------
     0 | D:1      | galech the Demonspawn Fighter began the quest for the Orb.
     0 | D:1      | Reached XP level 1. HP: 18/18 MP: 1/1
   150 | D:1      | Gained mutation: You regenerate a little health from kills.
                  | [demonic ancestry]
   150 | D:1      | Reached XP level 2. HP: 24/24 MP: 2/2
   834 | D:2      | Gained mutation: You regenerate health from kills. [demonic
                  | ancestry]
   834 | D:2      | Reached XP level 3. HP: 26/29 MP: 3/3
   852 | D:2      | Found a deep blue altar of Sif Muna.
   854 | D:2      | Noticed Terence
  1268 | D:2      | Killed Terence
  1442 | D:2      | Gained mutation: You have a pair of small antennae on your
                  | head. [demonic ancestry]
  1442 | D:2      | Reached XP level 4. HP: 24/35 MP: 4/4
  1623 | D:2      | Found an ancient bone altar of Kikubaaqudgha.
  1688 | D:2      | Noticed Jessica
  1693 | D:2      | Killed Jessica
  1717 | D:2      | Found a runed door.
  1862 | D:2      | You fall through a shaft for 2 floors!
  1873 | D:4      | Found a sand-covered staircase.
  1882 | Ossuary  | Entered an ossuary
  1914 | Ossuary  | Reached XP level 5. HP: 41/41 MP: 5/5
  2126 | D:4      | Noticed a slave
  2129 | D:4      | Noticed a slave
  2129 | D:4      | Noticed Pikel
  2129 | D:4      | Noticed an ogre
  2134 | D:4      | Noticed a slave
  2135 | D:4      | Noticed a slave
  2145 | D:4      | Slain by Pikel

Vault maps used:
D:1:      kennysheep_arrival_forest
D:2:      lemuel_crystal_altar, overflow_temple_1_default, first_ration,
          uniq_jessica, uniq_crazy_yiuf_cottage, uniq_terence
D:4:      gammafunk_cloud_chamber, tso_metal_star, enter_ossuary_4,
          minmay_three_crescents, uniq_duvessa, uniq_robin, uniq_menkaure,
          uniq_pikel
Ossuary:  ossuary_crypta

Skill      XL: |  1  2  3  4 |
---------------+-------------+-----
Shields        | 3 |  3.7
Axes           | 2 3 |  3.6
Armour         | 3 |  3.8
Fighting       | |  3.6
Dodging        | |  0.4

Action                   |  1- 3 |  4- 6 || total
-------------------------+-------+-------++-------
Melee: War axe           |    85 |    94 ||   179
  Use: Scroll            |       |     4 ||     4
       Potion            |       |     2 ||     2
  Eat: Chunk             |     2 |     1 ||     3
Armor: Scale mail        |    42 |    34 ||    76
Dodge: Dodged            |    23 |    25 ||    48
Block: Shield            |    55 |    36 ||    91

Table legend:
 A = Non-vault XP
 B = Vault XP
 C = Vault XP percentage of total XP
 D = Non-vault monster count
 E = Vault monster count
 F = Vault count percentage of total count
                 A         B        C        D         E       F
            +---------+---------+-------+---------+---------+-------
      Total |     123 |     243 |  66.4 |      29 |      16 |  35.6
            +---------+---------+-------+---------+---------+-------
        D:1 |      30 |       0 |   0.0 |      15 |       0 |   0.0
        D:2 |      40 |      73 |  64.6 |       9 |       2 |  18.2
        D:4 |      53 |      15 |  22.1 |       5 |       3 |  37.5
    Ossuary |       0 |     155 | 100.0 |       0 |      11 | 100.0
            +---------+---------+-------+---------+---------+-------
